 Dungeon Crawl Stone Soup version 0.31-a0-188-g5e087ee2ca (webtiles) character file.

Game seed: 15883153718000571156

63 qw the Shooter (level 3, -1/20 HPs)
             Began as a Deep Elf Hunter on June 22, 2023.
             Slain by a hobgoblin (5 damage)
             ... led by Robin
             ... on level 2 of the Dungeon.
             The game lasted 00:00:20 (698 turns).

qw the Shooter (Deep Elf Hunter)                     Turns: 698, Time: 00:00:21

Health: -1/20      AC:  3    Str: 10    XL:     3   Next: 89%
Magic:  5/5        EV: 12    Int: 13    God:
Gold:   127        SH:  0    Dex: 18    Spells: 2/2 levels left

rFire   . . .        Y - +0 orcbow
rCold   . . .        (shield currently unavailable)
rNeg    . . .        c - +0 leather armour
rPois   .            (no helmet)
rElec   .            (no cloak)
rCorr   .            (no gloves)
SInv    .            (no boots)
Will    .....        (no amulet)
Stlth   ++           (no ring)
HPRegen 0.23/turn    (no ring)
MPRegen 0.09/turn

%: no passive effects
@: no status effects
A: no striking features
a: no special abilities


You were on level 2 of the Dungeon.
You visited 1 branch of the dungeon, and saw 2 of its levels.

You collected 127 gold pieces.


   Skills:
 - Level 1.5 Fighting
 + Level 7.3 Ranged Weapons
 - Level 2.4 Dodging
 - Level 1.2 Stealth


You had 2 spell levels left.
You didn't know any spells.
Your spell library was empty.

Inventory:

Hand Weapons
 Y - a +0 orcbow (weapon)
Armour
 c - a +0 leather armour (worn)
Scrolls
 b - a scroll of identify {unknown}
Potions
 a - a potion of attraction {unknown}
 d - 2 potions of enlightenment {unknown}
 e - 2 potions of brilliance {unknown}
 f - a potion of mutation {unknown}

Dungeon Overview and Level Annotations

Branches:
Dungeon (2/15)

Altars:

Shops:
D:2 !

Annotations:
D:2 Robin


Message History

A goblin comes into view. It is wielding a +0 dagger.
You shoot an arrow. The arrow misses the goblin.
Robin throws the goblin at you!
You shoot an arrow. The arrow closely misses the goblin.
Robin roars a battlecry!
The goblins go into a battle-frenzy!
The goblin closely misses you. x2
You shoot an arrow. The arrow misses the goblin.
The hobgoblin closely misses you. The goblin hits you but does no damage.
A goblin comes into view. It is wielding a +0 club.
The goblin hits you but does no damage.
You shoot an arrow. The goblin shouts!
The arrow hits the goblin!
You kill the goblin!
Robin throws the goblin at you! The goblin hits you with a +0 dagger.
The goblin barely misses you. The hobgoblin hits you.
The goblin hits you with a +0 dagger. The goblin barely misses you.
A ball python comes into view.
You shoot an arrow. The arrow barely misses the goblin.
The ball python hisses angrily.
The goblin completely misses you. The hobgoblin completely misses you.
The goblin hits you with a +0 dagger. The goblin hits you with a +0 club.
The goblin closely misses you. x2; The goblin hits you but does no damage.
The hobgoblin closely misses you.
A goblin comes into view. It is wielding a +0 club.
The goblin hits you but does no damage. x3; The goblin completely misses you.
You shoot an arrow. The arrow barely misses the goblin.
A bat comes into view.
The goblin hits you but does no damage. x2; The hobgoblin hits you.
The goblin closely misses you. The goblin hits you with a +0 dagger.
The goblin hits you but does no damage.
You shoot an arrow. The arrow completely misses the goblin.
The goblin hits you but does no damage. The goblin closely misses you.
The hobgoblin hits you. The goblin barely misses you.
The goblin closely misses you. x2
You shoot an arrow. The arrow hits the goblin!
You kill the goblin!
The hobgoblin hits you.
You die...

#....)%..#..#..##
.....#.#####..#..##..###
....... #.##..###....
....... ###.............
....... ............#.##
.......#.. ###.#....##
......g.. ####......
....\.gg#######....###..
...gbgg@)...<...#### #..
)....ggg######### #..
......g## ### .......
....... ....... ......#
.....#


You could see Robin, 2 hobgoblins, 7 goblins and a bat.

Vanquished Creatures
  2 adders (D:2)
  3 dart slugs
  3 bats
  3 endoplasms
  2 giant cockroaches
  6 goblins
  4 hobgoblins
  2 kobolds (D:1)
  2 quokkas (D:1)
  6 ball pythons
  5 rats
38 creatures vanquished.

Notes
Turn   | Place    | Note
-------+----------+-------------------------------------------
     0 | D:1      | qw the Deep Elf Hunter began the quest for the Orb.
     0 | D:1      | Reached XP level 1. HP: 12/12 MP: 3/3
     0 | D:1      | 0 ||| qw: Version: 0.3-a-9-g12657ce
     0 | D:1      | 0 ||| qw: Game counter: 3006
     0 | D:1      | 0 ||| qw: Always use a shield: true
     0 | D:1      | 0 ||| qw: God list: Okawaru
     0 | D:1      | 0 ||| qw: Allow faded altars: false
     0 | D:1      | 0 ||| qw: Do Orc after D:15 true
     0 | D:1      | 0 ||| qw: Do second Lair branch before Depths: true
     0 | D:1      | 0 ||| qw: Lair rune preference: random
     0 | D:1      | 0 ||| qw: Plans: Normal
     0 | D:1      | 0 ||| PLANNING D:1-11
     7 | D:1      | Noticed a minotaur skeleton
    15 | D:1      | Noticed a minotaur skeleton
    71 | D:1      | Reached XP level 2. HP: 16/16 MP: 4/4
   134 | D:1      | Reached skill level 6 in Ranged Weapons
   252 | D:1      | 252 ||| SWAPPING to +0 orcbow.
   253 | D:1      | 253 ||| DROPPING +0 shortbow.
   417 | D:1      | 417 ||| READING scroll labelled APLUGOOTHR YTSU.
   518 | D:1      | 518 ||| READING scroll labelled WOLOZO SIMEC.
   519 | D:1      | 519 ||| DROPPING scroll of butterflies.
   560 | D:2      | Reached XP level 3. HP: 20/20 MP: 5/5
   625 | D:2      | Reached skill level 7 in Ranged Weapons
   680 | D:2      | Found Quggan's Distillery.
   688 | D:2      | Noticed Robin
   696 | D:2      | HP: 5/20 [goblin/+0 dagger[Robin] (2)]
   698 | D:2      | Slain by a hobgoblin

Levels and vault maps discovered:
D:1:      shiori_arrival_whats_in_store_for_you, layout_rooms
D:2:      layout_rooms, serial_shops, shop, minmay_unequal, uniq_jessica,
          uniq_robin

Skill      XL: |  1  2  3 |
---------------+----------+-----
Ranged Weapons | 6 7 |  7.3
Fighting       | |  1.5
Dodging        | |  2.4
Stealth        | |  1.2

Action                     || total
---------------------------++-------
   Fire: Shortbow          ||    25
         Orcbow            ||    54
    Use: Scroll            ||     2
 Armour: Leather armour    ||    19
  Dodge: Dodged            ||    34

Table legend:
 A = Non-vault XP
 B = Vault XP
 C = Vault XP percentage of total XP
 D = Non-vault monster count
 E = Vault monster count
 F = Vault count percentage of total count
                 A         B        C        D         E       F
            +---------+---------+-------+---------+---------+-------
      Total |      87 |       6 |   6.5 |      35 |       3 |   7.9
            +---------+---------+-------+---------+---------+-------
        D:1 |      40 |       0 |   0.0 |      22 |       0 |   0.0
        D:2 |      47 |       6 |  11.3 |      13 |       3 |  18.8
            +---------+---------+-------+---------+---------+-------
